 Dungeon Crawl Stone Soup version 0.18.1-48-g4cf74bf (webtiles) character file.

4 tyranidshit the Grave Robber (level 1, -3/18 HPs)
             Began as a Deep Dwarf Necromancer on July 22, 2016.
             Slain by a kobold
             ... wielding a +2 dagger of electrocution
              (13 damage)
             ... on level 1 of the Dungeon.
             The game lasted 00:01:04 (69 turns).

tyranidshit the Grave Robber (Deep Dwarf Necromancer) Turns: 69, Time: 00:01:06

Health: -3/18      AC:  2    Str: 11    XL:     1   Next: 58%
Magic:  3/3        EV: 12    Int: 15    God:
Gold:   8          SH:  0    Dex: 13    Spells: 1 memorised, 2 levels left

rFire  . . .     SeeInvis .     h - +0 dagger
rCold  . . .     Gourm    .     a - +0 robe
rNeg   . . .     Faith    .     (no shield)
rPois  .         Spirit   .     (no helmet)
rElec  .         Dismiss  .     (no cloak)
rCorr  .         Reflect  .     (no gloves)
SustAt .         Harm     .     (no boots)
MR     .....                    (no amulet)
Stlth  ++........               (no ring)
                                (no ring)

@: non-regenerating, not resistant to hostile enchantments, unstealthy
A: damage resistance, recharge devices, sense surroundings 1, slow regeneration
3
a: Device Recharging


You were on level 1 of the Dungeon.
You were not hungry.

You visited 1 branch of the dungeon, and saw 1 of its levels.

You collected 8 gold pieces.

Inventory:

Hand Weapons
 h - a +0 dagger (weapon)
Armour
 a - a +0 robe (worn)
Wands
 c - a wand of heal wounds (5/9)
Scrolls
 e - a scroll of amnesia {unknown}
 f - a scroll of magic mapping {unknown}
Books
 b - a book of Necromancy

   Spells                             Type                      Level
   a - Pain                           Necromancy                   1
   b - Animate Skeleton               Necromancy                   1
   c - Vampiric Draining              Necromancy                   3
   d - Regeneration                   Charms/Necromancy            3
   e - Animate Dead                   Necromancy                   4
   f - Control Undead                 Necromancy                   4
Comestibles
 d - a bread ration
 g - a slice of pizza


   Skills:
 + Level 1.0 Fighting
 - Level 2.1 Dodging
 - Level 2.4 Stealth
 - Level 1.7 Spellcasting
 - Level 4.3 Necromancy


You had 2 spell levels left.
You knew the following spells:

 Your Spells              Type           Power        Failure   Level  Hunger
a - Pain                  Necr           ##..         4%          1    ##.....


Dungeon Overview and Level Annotations

Branches:
Dungeon (1/15)

Altars:


Innate Abilities, Weirdness & Mutations

You are resistant to damage.
You can recharge devices by infusing magical energy.
You passively map a small area around you.
You do not regenerate naturally.


Message History

The giant cockroach barely misses you. The kobold misses you.
The jackal closely misses you. The hobgoblin closely misses you.
You hit the kobold but do no damage.
The kobold is severely wounded.
The giant cockroach barely misses you. The kobold closely misses you.
The giant cockroach misses you. The hobgoblin barely misses you.
A jackal comes into view.
You barely miss the kobold.
The kobold is severely wounded.
The jackal closely misses you. The jackal barely misses you.
The kobold closely misses you. The jackal barely misses you.
The giant cockroach bites you but does no damage.
You closely miss the kobold.
The kobold is severely wounded.
The jackal bites you. The hobgoblin hits you with a club.
The jackal closely misses you. The giant cockroach closely misses you.
The kobold hits you with a dagger of electrocution.
You are electrocuted!
Ouch! That really hurt!
You die...

...........###* ***
#...##.#.....# #..# .#
#.#..#.#.....# #..# ...
#.##.........# #..###..#
#.##...#.....# #........
, ..##...#.....#
#........
.####..####..###........
.# #..# ##..##Kg......
.# # * ##.##@s.g.h.. ##
, #...hh.....( *
*####.$...... * ,,, ,
..##.#### , , , , ..#*.#
* * ##.#* . , , * #.. .,
,* , , ... .. ** , , ,
,,.. *


You could see 3 jackals, a giant cockroach, a hobgoblin, a goblin and a kobold.

Vanquished Creatures
  A giant gecko (D:1)
  A bat (D:1)
  A goblin (D:1)
  2 rats (D:1)
5 creatures vanquished.

Notes
Turn   | Place    | Note
--------------------------------------------------------------
     0 | D:1      | tyranidshit the Deep Dwarf Necromancer began the quest for the Orb.
     0 | D:1      | Reached XP level 1. HP: 15/15 MP: 3/3
    40 | D:1      | Reached skill level 1 in Fighting
    69 | D:1      | Slain by a kobold

Skill      XL: |  1 |
---------------+----+-----
Fighting       | 1 |  1.0
Dodging        | |  2.1
Stealth        | |  2.4
Spellcasting   | |  1.7
Necromancy     | |  4.3

Action                   || total
-------------------------++-------
Melee: Dagger            ||    10
       Unarmed           ||     1
 Cast: Pain              ||     4
Armor: Robe              ||     1
Dodge: Dodged            ||    21
